 Dungeon Crawl Stone Soup version 0.26-a0-18-g135ff06667 (webtiles) character file.

Game seed: 7123471685462280897, levelgen mode: deterministic

83910 ChiseanneNo2 the Eclecticist (level 15, -2/90 HPs)
             Began as a Demonspawn Wizard on May 2, 2020.
             Was a High Priest of Vehumet.
             Slain by a water elemental (10 damage)
             ... on level 4 of the Shoals on May 25, 2020.
             The game lasted 03:39:50 (39004 turns).

ChiseanneNo2 the Eclecticist (Demonspawn Wizard)   Turns: 39004, Time: 03:39:51

Health: -2/90      AC: 19    Str:  9    XL:     15   Next: 33%
Magic:  3/35       EV: 12    Int: 36    God:    Vehumet [*****.]
Gold:   532        SH:  0    Dex: 14    Spells: 3/46 levels left

rFire    + + .     SeeInvis +   a - +0 quarterstaff "Qujomol" {vorpal, rPois Int+4}
rCold    + . .     Gourm    .   (shield currently unavailable)
rNeg     + . .     Faith    +   P - +3 leather armour {rN+}
rPois    +         Spirit   .   b - +1 hat
rElec    .         Reflect  .   (no cloak)
rCorr    .         Harm     .   F - +1 pair of gloves
MR       .....                  D - +1 pair of boots
Stlth    +++.......             C - amulet of Tepyhow {Faith MR- Int+6 Dex+2 Slay+3}
HPRegen  0.25/turn              T - ring of the Lich-sworn {rC+ Str+2 SInv Stlth+}
MPRegen  0.24/turn              m - +3 ring of protection

@: marked, very slow
A: horns 2, molten scales 3, fire resistance 1, nightstalker 3, flame cloud
immunity
a: Renounce Religion


You were on level 4 of the Shoals.
You worshipped Vehumet.
Vehumet was extremely pleased with you.
You were not hungry.

You visited 5 branches of the dungeon, and saw 28 of its levels.

You collected 2047 gold pieces.
You spent 1515 gold pieces at shops.

Inventory:

Hand Weapons
 a - the +0 quarterstaff "Qujomol" (weapon) {vorpal, rPois Int+4}
   (You found it on level 3 of the Lair of Beasts)

   It inflicts extra damage upon your enemies.
   It affects your intelligence (+4).
   It protects you from poison.
 d - the +8 flail "Beast's Demise" {vorpal, *Corrode rElec rF+ SInv}
   (You found it on level 8 of the Dungeon)

   It inflicts extra damage upon your enemies.
   It protects you from fire.
   It insulates you from electricity.
   It lets you see invisible.
   It may corrode you when you take damage.
 e - a +2 demon trident of electrocution
 j - a +2 scimitar of flaming
 q - a +3 rapier of venom
 s - a +3 rapier of protection
 y - the +6 flail "Imitadi" {pain, *Slow rElec rF+ MR+}
   (You found it on level 2 of the Shoals)

   In the hands of one skilled in necromantic magic, it inflicts extra damage on
   living creatures.
   It protects you from fire.
   It insulates you from electricity.
   It affects your resistance to hostile enchantments.
   It may slow you when you take damage.
Missiles
 o - 2 throwing nets
 t - 17 poisoned darts (quivered)
Armour
 b - a +1 hat (worn)
 c - +2 acid dragon scales
 D - a +1 pair of boots (worn)
 F - a +1 pair of gloves (worn)
 P - a +3 leather armour of positive energy (worn)
 R - a +0 troll leather armour
Magical Staves
 g - an uncursed staff of wizardry
Jewellery
 m - a +3 ring of protection (right hand)
 C - the amulet of Tepyhow (around neck) {Faith MR- Int+6 Dex+2 Slay+3}
   (You acquired it on level 5 of the Dungeon)

   [amulet of faith]

   It allows you to gain divine favour quickly.
   It affects your intelligence (+6).
   It affects your dexterity (+2).
   It affects your accuracy and damage with ranged weapons and melee attacks
   (+3).
   It affects your resistance to hostile enchantments.
 J - the amulet "Baits" {Reflect rC+ SH+5}
   (You found it on level 9 of the Dungeon)

   [amulet of reflection]

   It shields you and reflects attacks.
   It protects you from cold.
   It affects your SH (+5).
 T - the ring of the Lich-sworn (left hand) {rC+ Str+2 SInv Stlth+}
   (You found it on level 6 of the Lair of Beasts)

   [ring of see invisible]

   It affects your strength (+2).
   It protects you from cold.
   It lets you see invisible.
   It makes you more stealthy.
Wands
 v - a wand of digging (2)
 N - a wand of polymorph (22)
Scrolls
 f - a scroll of enchant weapon
 k - 5 scrolls of immolation
 n - 5 scrolls of amnesia
 z - 5 scrolls of fog
 B - 4 scrolls of fear
 H - 9 scrolls of teleportation
 O - 3 scrolls of blinking
 V - 4 scrolls of remove curse
 Z - 9 scrolls of identify
Potions
 h - a potion of heal wounds
 i - 4 potions of might
 l - 5 potions of curing
 p - 2 potions of flight
 r - 3 potions of resistance
 u - 3 potions of ambrosia
 x - 5 potions of haste
 A - a potion of berserk rage
 G - a potion of mutation
 K - 2 potions of stabbing
 S - a potion of brilliance
 U - a potion of invisibility
Comestibles
 w - 3 chunks of flesh
 Q - 18 rations


   Skills:
 - Level 5.7 Armour
 - Level 1.7 Dodging
 - Level 1.7 Stealth
   Level 3.1 Shields
 * Level 16.4 Spellcasting
 - Level 15.7 Conjurations
 - Level 7.1 Summonings
 - Level 0.8 Translocations
 * Level 4.4 Fire Magic
 - Level 5.1 Air Magic


You had 3 spell levels left.
You knew the following spells:

 Your Spells              Type           Power        Failure   Level  Hunger
a - Airstrike             Air            ######....   1%          4    None
b - Blink                 Tloc           N/A          1%          2    None
c - Fireball              Conj/Fire      #######...   1%          5    None
d - Mephitic Cloud        Conj/Pois/Air  ######..     1%          3    None
e - Summon Lightning Spi  Summ/Air       ######..     1%          4    None
f - Ignite Poison         Fire/Tmut/Pois #####...     1%          3    None
g - Olgreb's Toxic Radia  Pois           ####....     4%          4    None
i - Iskenderun's Battles  Conj/Chrm      ######..     1%          5    None
j - Starburst             Conj/Fire      #######...   1%          6    None
k - Spellforged Servitor  Conj/Summ      #######...   3%          7    ###....

Your spell library contained the following spells:

 Spells                   Type           Power        Failure   Level  Hunger
 Ignition                 Fire           ######....   98%         8    #####..
 Magic Dart               Conj           ####         0%          1    None
 Animate Skeleton         Necr           N/A          1%          1    None
 Beastly Appendage        Tmut           ####..       1%          1    None
 Pain                     Necr           ####         1%          1    None
 Sting                    Tmut/Pois      ####         1%          1    None
 Summon Small Mammal      Summ           ####         1%          1    None
 Call Imp                 Summ           ######..     1%          2    None
 Poisonous Vapours        Pois/Air       #####.       1%          2    None
 Call Canine Familiar     Summ           ######..     1%          3    None
 Conjure Flame            Conj/Fire      #######.     1%          3    None
 Summon Guardian Golem    Hex/Summ       ######..     1%          3    None
 Slow                     Hex            ####....     2%          2    None
 Sticks to Snakes         Tmut           ####....     2%          2    None
 Gell's Gravitas          Tloc           #####.....   3%          3    None
 Confusing Touch          Hex            ####....     4%          3    None
 Spider Form              Tmut/Pois      ####......   4%          3    None
 Vampiric Draining        Necr           ####......   4%          3    None
 Irradiate                Conj/Tmut      ######....   1%          5    None
 Conjure Ball Lightning   Conj/Air       #######...   1%          6    None
 Summon Ice Beast         Ice/Summ       ######..     3%          4    None
 Yara's Violent Unravell  Hex/Tmut       ####......   12%         5    None
 Animate Dead             Necr           N/A          16%         4    None
 Ice Form                 Ice/Tmut       ####....     16%         4    None
 Petrify                  Tmut/Erth      ####....     16%         4    None
 Silence                  Hex/Air        #####.....   16%         5    None
 Agony                    Necr           ####....     41%         5    None
 Blade Hands              Tmut           ####......   41%         5    None
 Metabolic Englaciation   Hex/Ice        ####......   41%         5    None
 Hydra Form               Tmut           ####......   94%         6    None
 Statue Form              Tmut/Erth      ####.....    94%         6    None
 Dragon Form              Tmut           ####......   100%        7    ###....
 Tornado                  Air            ######....   100%        9    ######.


Dungeon Overview and Level Annotations

Branches:
Dungeon (15/15)            Temple (1/1) D:6            Lair (6/6) D:10
 Shoals (4/4) Lair:3        Snake (0/4) Lair:3        Slime (0/5) Lair:5
    Orc (2/2) D:11            Elf (0/3) Orc:2        Vaults (0/5) D:13
 Depths: D:15

Altars:
Ashenzari
Cheibriados
Dithmenos
Elyvilon
Fedhas
Gozag
Hepliaklqana
Kikubaaqudgha
Makhleb
Nemelex Xobeh
Okawaru
Qazlal
Ru
Sif Muna
Trog
Uskayaw
Vehumet
Wu Jian
Xom
Zin
The Shining One
Beogh
Jiyva

Shops:
D:12 %   D:13 [   Orc:2 ?(:?   Shoals:2 *

Portals:
Hell: Lair:6

Annotations:
D:6 Grinder
D:9 exclusion: downstairs
D:13 exclusion: upstairs
Lair:2 3 runed translucent doors
Shoals:3 exclusion: upstairs
Shoals:4 exclusion: upstairs


Innate Abilities, Weirdness & Mutations

You have a pair of horns on your head.
You are completely covered in molten scales. (AC +4, rF+)
Your flesh is heat resistant. (rF+)
You are completely attuned to the shadows.
You are immune to clouds of flame.


Message History

* * * LOW HITPOINT WARNING * * *
Your lightning spire shoots out a bolt of lightning at the harpy!
The bolt of electricity hits the harpy!
The harpy dies!
Vehumet accepts your kill.
Casting: Airstrike (mildly dangerous; 1% risk of failure)
Confirm with . or Enter, or press ? or * to list all spells.
You blink.
Splash!
The merfolk hits you but does no damage.
The water elemental hits you.
The water elemental engulfs you in water!
Your lightning spire shoots out a bolt of lightning at the water elemental!
The bolt of electricity hits the water elemental.
The water elemental resists.
You cannot cast spells while unable to breathe!
You slip free of the water engulfing you.
You gasp with relief as air once again reaches your lungs.
The water elemental hits you!
You die...

≈≈≈≈≈....
≈≈≈≈≈....
..≈≈≈≈...
#.8.≈8..
.###.≈§...≈
......≈≈≈≈≈
.....E≈≈≈≈≈
....@≈m≈≈≈≈
#####≈≈k≈≈≈
≈.. ##≈≈≈.
≈≈. ≈≈≈≈ #≈≈
≈#.≈ #≈H #..
.≈≈ #..
≈≈≈≈## #H≈
≈≈≈≈≈#####.≈≈


You could see a wind drake (repels missiles), a merfolk, a water elemental, a
friendly spellforged servitor (summoned) and a friendly lightning spire
(summoned).

Vanquished Creatures
  2 vault guards
  11 hydras
  A merfolk avatar (Shoals:2)
  An ogre mage (Orc:2)
  An anaconda (Lair:6)
  3 centaur warriors
  A merfolk aquamancer (Lair:3)
  A two-headed ogre (D:15)
  A satyr (Shoals:3)
  A death yak (D:10)
  A sixfirhy (Lair:6)
  2 unseen horrors (D:14)
  A skeletal warrior (D:15)
  2 wizards
  A lindwurm (Lair:5)
  2 necromancers (D:13)
  6 harpies
  5 manticores
  A cyclops (D:15)
  2 deep elf magi
  4 oklob plants
  8 orc sorcerers (Orc:2)
  A salamander (D:15)
  2 ugly things
  An elephant (Lair:6)
  2 merfolk sirens
  2 water nymphs (Shoals:2)
  5 black mambas
  An orange demon (Lair:6)
  2 gargoyles
  6 spiny frogs
  A kobold demonologist (D:12)
  2 komodo dragons
  4 rime drakes
  An efreet (D:14)
  A hellwing (Lair:6)
  An ice devil (Lair:6)
  5 merfolk
  3 trolls
  A red devil (Lair:6)
  A hornet (D:13)
  3 dream sheep
  A snapping turtle (Shoals:1)
  7 hippogriffs
  13 blink frogs
  A vampire (D:14)
  7 water elementals
  3 wraiths
  6 wyverns
  19 humans
  2 hungry ghosts
  37 yaks
  4 vampire mosquitoes (D:12)
  4 hogs (D:7)
  A naga (Lair:3)
  A soldier ant (D:13)
  4 wargs
  30 water moccasins
  A hell hound (D:15)
  11 porcupines
  24 orc warriors
  3 black bears
  2 ice beasts (D:13)
  A hornet zombie (D:15)
  An eye of draining (D:12)
  A necrophage (D:10)
  6 ogres
  5 phantoms
  9 wolves
  4 centaurs
  8 crocodiles
  An elf zombie (D:12)
  2 big kobolds
  10 bullfrogs
  A wyvern zombie (D:13)
  3 scorpions
  9 killer bees
  An oklob sapling (D:13)
  A bullfrog zombie (D:5)
  10 crimson imps
  6 jellies
  2 human zombies (D:12)
  4 centaur skeletons
  6 hounds
  3 bullfrog skeletons
  20 orc priests
  A gnoll shaman (D:6)
  2 human skeletons (D:12)
  2 iguanas
  35 orc wizards
  6 worker ants
  A hound skeleton (D:4)
  4 mummies (D:12)
  A worker ant zombie (D:9)
  5 gnolls
  22 adders
  2 shadow imps
  An ooze (D:4)
  3 worms
  A dart slug (D:2)
  9 leopard geckos
  102 orcs
  5 bats
  5 giant cockroaches
  6 goblins
  9 hobgoblins
  19 jackals
  6 quokkas
  6 ball pythons
  8 frilled lizards
  A goblin skeleton (D:8)
  2 goblin zombies (D:8)
  3 hobgoblin zombies (D:8)
  A jackal skeleton (D:2)
  A jackal zombie (D:7)
  10 kobolds
  A kobold zombie (D:8)
  2 orc zombies (D:12)
  A quokka skeleton (D:8)
  5 rats
  A fungus (Lair:6)
  2 plants
689 creatures vanquished.

Vanquished Creatures (collateral kills)
  An orc warlord (Orc:1)
  A dire elephant (Lair:6)
  Erolcha (Orc:2)
  4 hydras
  A centaur warrior (D:14)
  2 death yaks (D:10)
  2 sea snakes
  6 harpies
  An oklob plant (Lair:6)
  2 cyclopes
  An orc sorcerer (Orc:2)
  2 merfolk sirens
  A centaur zombie (D:14)
  A black mamba (Lair:6)
  A water nymph (Shoals:2)
  8 spiny frogs
  A torpor snail (Lair:3)
  A rime drake (Lair:6)
  An ice devil (Lair:6)
  2 red devils (Lair:6)
  3 komodo dragons
  A merfolk (Shoals:3)
  2 trolls
  6 blink frogs
  2 hippogriffs
  4 snapping turtles
  2 water elementals
  14 yaks
  A porcupine (Lair:1)
  7 water moccasins
  2 hell hounds (Lair:6)
  An orc warrior (D:9)
  An eye of draining (D:11)
  A necrophage (D:11)
  An ogre (Orc:2)
  8 wolves
  A centaur (Shoals:2)
  2 crocodiles
  A bullfrog (Lair:2)
  A scorpion (D:12)
  5 orc priests
  5 orc wizards
  An iguana (D:12)
  A worker ant (D:12)
  A hound zombie (D:11)
  6 adders
  9 orcs
  2 jackals (D:13)
  3 fungi
  A plant (Lair:6)
135 creatures vanquished.

Vanquished Creatures (others)
  A merfolk aquamancer (Shoals:1)
  A yak (Lair:1)
  A bush (D:13)
  21 fungi
  46 plants
70 creatures vanquished.

Grand Total: 894 creatures vanquished

Notes
Turn   | Place    | Note
-------+----------+-------------------------------------------
     0 | D:1      | ChiseanneNo2 the Demonspawn Wizard began the quest for the
                  | Orb.
     0 | D:1      | Reached XP level 1. HP: 13/13 MP: 4/4
   461 | D:1      | Gained mutation: You are slightly more attuned to the
                  | shadows. [demonic ancestry]
   461 | D:1      | Reached XP level 2. HP: 19/19 MP: 1/6
  1058 | D:1      | Learned a level 2 spell: Blink
  1308 | D:2      | Reached XP level 3. HP: 24/24 MP: 8/8
  1369 | D:2      | Reached skill level 4 in Spellcasting
  1497 | D:2      | Learned a level 3 spell: Conjure Flame
  1501 | D:2      | Learned a level 3 spell: Mephitic Cloud
  2058 | D:2      | Gained mutation: Your flesh is heat resistant. (rF+)
                  | [demonic ancestry]
  2058 | D:2      | Reached XP level 4. HP: 18/30 MP: 2/10
  2206 | D:2      | Found a sparkling altar of Nemelex Xobeh.
  2816 | D:3      | Reached skill level 1 in Armour
  3201 | D:3      | Gained mutation: You have a pair of small horns on your
                  | head. [demonic ancestry]
  3201 | D:3      | Reached XP level 5. HP: 30/35 MP: 8/11
  3712 | D:4      | Reached skill level 5 in Spellcasting
  3712 | D:4      | Gained mutation: You have a pair of horns on your head.
                  | [demonic ancestry]
  3712 | D:4      | Reached XP level 6. HP: 37/41 MP: 0/13
  4129 | D:3      | HP: 2/41 [orc/+0 flail (9)]
  4137 | D:3      | HP: 2/41 [orc/+0 flail (6)]
  5261 | D:4      | Reached XP level 7. HP: 46/46 MP: 2/15
  5814 | D:5      | Entered Level 5 of the Dungeon
  5921 | D:5      | Reached skill level 6 in Spellcasting
  5921 | D:5      | Reached skill level 5 in Conjurations
  6403 | D:5      | Identified a scroll of acquirement
  6403 | D:5      | Identified the -6 pair of gloves "Vutitaj" {Regen+ Str+3}
                  | (You acquired it on level 5 of the Dungeon)
  6403 | D:5      | Identified the amulet of Tepyhow {Faith MR- Int+6 Dex+2
                  | Slay+3} (You acquired it on level 5 of the Dungeon)
  6730 | D:5      | Found a blossoming altar of Fedhas.
  6774 | D:6      | Gained mutation: You are significantly more attuned to the
                  | shadows. [demonic ancestry]
  6774 | D:6      | Reached XP level 8. HP: 50/52 MP: 18/18
  6785 | D:6      | Found a shimmering altar of Xom.
  6787 | D:6      | Found an iron altar of Okawaru.
  7997 | D:6      | Reached skill level 7 in Spellcasting
  8247 | D:6      | Noticed Grinder
  8703 | D:7      | Found a shimmering altar of Xom.
  9005 | D:7      | Reached skill level 1 in Air Magic
  9263 | D:7      | Reached skill level 8 in Spellcasting
  9266 | D:7      | Gained mutation: You are partially covered in molten
                  | scales. (AC +2) [demonic ancestry]
  9266 | D:7      | Reached XP level 9. HP: 50/57 MP: 14/21
  9365 | D:7      | Learned a level 4 spell: Summon Lightning Spire
  9748 | D:6      | Found a staircase to the Ecumenical Temple.
  9769 | Temple   | Entered the Ecumenical Temple
  9807 | Temple   | Became a worshipper of Vehumet
  9922 | D:8      | Found a glowing golden altar of the Shining One.
 10066 | D:8      | Got an ancient flail
 10070 | D:8      | Identified the +8 flail "Beast's Demise" {vorpal, *Corrode
                  | rElec rF+ SInv} (You found it on level 8 of the Dungeon)
 10141 | D:8      | Found a shadowy altar of Dithmenos.
 10222 | D:8      | Got an ancient graven amulet
 10514 | D:8      | Reached * piety under Vehumet
 10514 | D:8      | Offered knowledge of Sandblast by Vehumet.
 10962 | D:9      | Found a sacrificial altar of Ru.
 11381 | D:9      | Noticed a troll
 11388 | D:9      | Killed a troll
 11482 | D:9      | Got a twitching steel amulet
 11504 | D:9      | Identified the amulet of Vucum {Harm *Drain rElec rPois
                  | Int+4} (You found it on level 8 of the Dungeon)
 11868 | D:9      | Found a stormy altar of Qazlal.
 11875 | D:9      | Found a hide-covered altar of Uskayaw.
 11880 | D:9      | Found a shattered altar of Ashenzari.
 11887 | D:9      | Found a glowing silver altar of Zin.
 11892 | D:9      | Found a burning altar of Makhleb.
 11897 | D:9      | Found a snail-covered altar of Cheibriados.
 11902 | D:9      | Found a hazy altar of Hepliaklqana.
 12070 | D:10     | Entered Level 10 of the Dungeon
 12070 | D:10     | Noticed a death yak
 12211 | D:10     | Noticed a death yak
 12364 | D:10     | Offered knowledge of Freeze by Vehumet.
 12467 | D:10     | Reached ** piety under Vehumet
 12467 | D:10     | Reached skill level 5 in Summonings
 12502 | D:10     | Noticed a troll
 12511 | D:10     | Killed a troll
 12511 | D:10     | Reached XP level 10. HP: 63/63 MP: 15/22
 12573 | D:10     | Found a staircase to the Lair.
 12625 | D:10     | Reached skill level 9 in Spellcasting
 12664 | Lair:1   | Entered Level 1 of the Lair of Beasts
 12950 | Lair:1   | Identified the amulet "Baits" {Reflect rC+ SH+3} (You found
                  | it on level 9 of the Dungeon)
 13003 | Lair:1   | Noticed a seven-headed hydra
 13005 | Lair:1   | Noticed a spiny frog
 13017 | Lair:1   | Killed a seven-headed hydra
 13117 | Lair:1   | Killed a spiny frog
 13223 | Lair:1   | Noticed a spiny frog
 13224 | Lair:1   | Noticed a spiny frog
 13234 | Lair:1   | Killed a spiny frog
 13237 | Lair:1   | Killed a spiny frog
 13540 | Lair:1   | Got a fine leather armour
 14033 | Lair:2   | Reached skill level 10 in Spellcasting
 14035 | Lair:2   | Reached skill level 5 in Armour
 14314 | Lair:2   | Noticed a four-headed hydra
 14431 | Lair:3   | Noticed a spiny frog
 14480 | Lair:3   | Killed a spiny frog
 14616 | Lair:3   | Noticed a spiny frog
 14623 | Lair:3   | Killed a spiny frog
 14732 | Lair:3   | Noticed a seven-headed hydra
 14816 | Lair:2   | Offered knowledge of Searing Ray by Vehumet.
 14816 | Lair:2   | Gained mutation: You are mostly covered in molten scales.
                  | (AC +3) [demonic ancestry]
 14816 | Lair:2   | Reached XP level 11. HP: 68/68 MP: 9/25
 15257 | Lair:2   | Found a runed translucent gate.
 15258 | Lair:2   | Found a runed translucent gate.
 15259 | Lair:2   | Found a runed translucent gate.
 15663 | Lair:3   | Got a crude war axe
 15664 | Lair:3   | Identified the cursed +0 leather armour of an ice cave
                  | {Dex+2 Stlth+} (You found it on level 1 of the Lair of
                  | Beasts)
 15684 | Lair:3   | Found a staircase to the Snake Pit.
 15714 | Lair:3   | Reached *** piety under Vehumet
 15719 | Lair:3   | Reached skill level 11 in Spellcasting
 16131 | Lair:3   | Offered knowledge of Airstrike by Vehumet.
 16502 | Lair:3   | Reached skill level 5 in Air Magic
 16950 | Lair:3   | Reached **** piety under Vehumet
 17240 | Lair:3   | Got a smoking quarterstaff
 17272 | Lair:3   | Identified the cursed +0 quarterstaff "Qujomol" {vorpal,
                  | rPois Int+4} (You found it on level 3 of the Lair of
                  | Beasts)
 17354 | Lair:3   | You fall into a shaft and drop 1 floor!
 17626 | Lair:4   | Learned a level 3 spell: Ignite Poison
 17631 | Lair:4   | Learned a level 4 spell: Olgreb's Toxic Radiance
 17636 | Lair:4   | Learned a level 4 spell: Airstrike
 17737 | Lair:4   | Offered knowledge of Iskenderun's Battlesphere by Vehumet.
 17744 | Lair:4   | Learned a level 5 spell: Iskenderun's Battlesphere
 17857 | Lair:4   | You fall into a shaft and drop 2 floors!
 17857 | Lair:6   | Entered Level 6 of the Lair of Beasts
 17870 | Lair:5   | Noticed a lindwurm
 17880 | Lair:5   | Killed a lindwurm
 17880 | Lair:5   | Reached skill level 10 in Conjurations
 17919 | Lair:5   | Noticed a five-headed hydra
 17934 | Lair:5   | Killed a five-headed hydra
 18105 | Lair:5   | Found a viscous altar of Jiyva.
 18106 | Lair:5   | Noticed a five-headed hydra
 18111 | Lair:5   | Killed a five-headed hydra
 18111 | Lair:5   | Reached skill level 12 in Spellcasting
 18114 | Lair:5   | Found a staircase to the Slime Pits.
 18273 | Lair:5   | Reached XP level 12. HP: 74/74 MP: 23/28
 18397 | Lair:6   | Noticed an eight-headed hydra
 18397 | Lair:6   | Noticed an eight-headed hydra
 18410 | Lair:5   | Killed an eight-headed hydra
 18546 | Lair:5   | Identified the +2 war axe "Ducakhl Odop" {antimagic, rPois
                  | rN+ MR++ Dex-2} (You found it on level 3 of the Lair of
                  | Beasts)
 19203 | Lair:6   | Reached ***** piety under Vehumet
 19269 | Lair:6   | Noticed a four-headed hydra
 19680 | Lair:6   | Offered knowledge of Iron Shot by Vehumet.
 19803 | Lair:6   | Got a scintillating marble ring
 19834 | Lair:6   | Got a faintly glowing chain mail
 19947 | Lair:5   | Identified the +2 chain mail of Weightlessness {Str+2} (You
                  | found it on level 6 of the Lair of Beasts)
 19966 | Lair:6   | Identified the ring of the Lich-sworn {rC+ Str+2 SInv
                  | Stlth+} (You found it on level 6 of the Lair of Beasts)
 19982 | Lair:6   | Noticed an anaconda
 19990 | Lair:6   | Killed an anaconda
 19990 | Lair:6   | Noticed an eight-headed hydra
 20066 | Lair:6   | Upgraded the game from 0.25-a0-886-gd7461d2276 to
                  | 0.26-a0-18-g135ff06667
 20126 | Lair:6   | Noticed a seven-headed hydra
 20146 | Lair:6   | Killed a seven-headed hydra
 20146 | Lair:6   | Reached skill level 13 in Spellcasting
 20190 | Lair:6   | Killed a four-headed hydra
 20257 | Lair:6   | HP: 3/74 [poisoned by a black mamba]
 20264 | Lair:6   | HP: 3/74 [poisoned by a black mamba]
 20272 | Lair:6   | HP: 2/74 [poisoned by a black mamba]
 20534 | Lair:6   | Killed an eight-headed hydra
 20880 | Lair:6   | Noticed a dire elephant
 20898 | Lair:6   | Killed a dire elephant
 21179 | Lair:6   | Killed an eight-headed hydra
 21324 | Lair:6   | Gained mutation: You are immune to clouds of flame.
                  | [demonic ancestry]
 21324 | Lair:6   | Reached XP level 13. HP: 64/79 MP: 6/30
 21605 | Lair:6   | Offered knowledge of Orb of Destruction by Vehumet.
 22132 | Lair:6   | Reached skill level 14 in Spellcasting
 22743 | Lair:6   | Found a burning altar of Makhleb.
 22753 | Lair:6   | Found a gateway to Hell.
 23074 | Lair:3   | Found a staircase to the Shoals.
 23674 | D:10     | Found an ancient bone altar of Kikubaaqudgha.
 24376 | D:11     | Offered knowledge of Conjure Ball Lightning by Vehumet.
 24771 | D:11     | Found a staircase to the Orcish Mines.
 24825 | D:11     | Found a bloodstained altar of Trog.
 25817 | D:12     | Offered knowledge of Starburst by Vehumet.
 25826 | D:12     | Learned a level 6 spell: Starburst
 26383 | D:12     | Found Ario's Food Boutique.
 26550 | D:12     | Found an ancient bone altar of Kikubaaqudgha.
 27059 | D:13     | Reached skill level 15 in Spellcasting
 27127 | D:12     | Noticed a fire giant
 27468 | D:13     | Gained mutation: You are completely attuned to the shadows.
                  | [demonic ancestry]
 27468 | D:13     | Reached XP level 14. HP: 84/84 MP: 27/33
 27726 | D:13     | Found Malealla's Armour Shoppe.
 27870 | D:13     | Offered knowledge of Spellforged Servitor by Vehumet.
 28031 | D:13     | Learned a level 7 spell: Spellforged Servitor
 28436 | Orc:1    | Entered Level 1 of the Orcish Mines
 28706 | Orc:1    | Found a radiant altar of Vehumet.
 29093 | Orc:2    | Entered Level 2 of the Orcish Mines
 29736 | Orc:2    | Offered knowledge of Fireball by Vehumet.
 29906 | Orc:1    | Learned a level 5 spell: Fireball
 29910 | Orc:2    | Noticed an orc warlord
 29922 | Orc:1    | Killed an orc warlord
 30762 | Orc:2    | Found a staircase to the Elven Halls.
 30932 | Orc:2    | Found Ketsibos's Magic Scroll Shop.
 30941 | Orc:2    | Bought a scroll of acquirement for 676 gold pieces
 30941 | Orc:2    | Bought 2 scrolls of identify for 52 gold pieces
 30941 | Orc:2    | Bought a scroll of identify for 26 gold pieces
 30941 | Orc:2    | Bought a scroll of teleportation for 39 gold pieces
 30941 | Orc:2    | Bought 3 scrolls of teleportation for 117 gold pieces
 30941 | Orc:2    | Bought a scroll of fear for 45 gold pieces
 30941 | Orc:2    | Bought a scroll of identify for 26 gold pieces
 30941 | Orc:2    | Bought a scroll of amnesia for 45 gold pieces
 31025 | Orc:2    | Reached skill level 1 in Shields
 31087 | Orc:2    | Noticed Erolcha
 31097 | Orc:2    | Killed Erolcha
 31243 | Orc:2    | Found a radiant altar of Vehumet.
 31366 | Orc:2    | Found Jubestimp's Antique Weapon Shop.
 31568 | Orc:2    | Reached skill level 15 in Conjurations
 31764 | Orc:2    | Found an ancient bone altar of Kikubaaqudgha.
 31867 | Orc:2    | Found Xeileuh's Book Shop.
 31867 | Orc:2    | Found a roughly hewn altar of Beogh.
 31876 | Orc:2    | Found Med Uthuops's Magic Scroll Boutique.
 31898 | Orc:2    | Bought a scroll of blinking for 120 gold pieces
 31898 | Orc:2    | Bought a scroll of identify for 32 gold pieces
 31898 | Orc:2    | Bought a scroll of amnesia for 56 gold pieces
 31898 | Orc:2    | Bought a scroll of teleportation for 48 gold pieces
 31898 | Orc:2    | Bought a scroll of immolation for 56 gold pieces
 31898 | Orc:2    | Bought a scroll of amnesia for 56 gold pieces
 32927 | D:13     | Found a gate to the Vaults.
 32980 | D:13     | Got a steaming quarterstaff
 32981 | D:13     | Identified the cursed +0 quarterstaff "Lifebane" {freeze,
                  | rElec rC++ MP-9} (You found it on level 13 of the Dungeon)
 33349 | D:13     | Reached ****** piety under Vehumet
 33518 | D:13     | Identified the Tome of Nature
 33523 | D:13     | ChiseanneNo2: FU!
 34436 | D:14     | Found an ornate altar of the Wu Jian Council.
 34700 | D:15     | Entered Level 15 of the Dungeon
 34739 | D:15     | HP: 3/84 [deep elf mage/bolt of lightning (26)]
 35112 | D:15     | Noticed an emperor scorpion
 36461 | Shoals:1 | Entered Level 1 of the Shoals
 36466 | Shoals:1 | Offered knowledge of Ignition by Vehumet.
 36586 | Lair:3   | Reached skill level 16 in Spellcasting
 36595 | Lair:3   | Gained mutation: You are completely covered in molten
                  | scales. (AC +4, rF+) [demonic ancestry]
 36595 | Lair:3   | Reached XP level 15. HP: 77/90 MP: 7/35
 36727 | Lair:3   | Reached skill level 1 in Fire Magic
 37817 | Shoals:2 | Got an encrusted flail
 37820 | Shoals:2 | Identified the +6 flail "Imitadi" {pain, *Slow rElec rF+
                  | MR+} (You found it on level 2 of the Shoals)
 37826 | Shoals:2 | Found Inteazoon's General Store.
 37834 | Shoals:2 | Bought a potion of flight for 33 gold pieces
 37834 | Shoals:2 | Bought a potion of ambrosia for 88 gold pieces
 38775 | Shoals:4 | Entered Level 4 of the Shoals
 39004 | Shoals:4 | Slain by a water elemental

Illustrated notes

Levels and vault maps discovered:
D:1:      lemuel_arrival_behind_the_door_small, layout_basic
D:2:      layout_loops_ring, nicolae_overflow_crystal_walls, minmay_bisected
D:3:      layout_basic, first_ration
D:4:      layout_basic, mrwooster_statue_mirror
D:5:      layout_loops_ring, fedhas_altar_1
D:6:      layout_loops_ring, minitemple, minmay_temple_entry_nine_rooms,
          uniq_grinder
D:7:      layout_basic, basic_altar, grunt_livestock, minmay_liquid_box
D:8:      layout_basic, old_standard_altar, serial_co_window_serial,
          co_window_of_opportunity_a, co_window_cross_1, co_window_paths_b,
          co_window_corner_a, co_window_paths_b, co_window_2corner,
          co_window_corner_b, co_window_cross_2, glass_columns_a,
          glass_columns_b, glass_columns_a, nrook_loot_triangle,
          nicolae_tso_besieged_by_evil
D:9:      layout_stronghold, lemuel_round_altar, grunt_temple_overflow_octagram,
          minmay_misc_feat_hallway
D:10:     layout_irregular_city, dpeg_lair_monsters, basic_altar
D:11:     layout_roguey, erik_orc_4, bloody_trog
D:12:     minmay_connected_triangles_in_corner, layout_small_grid, serial_shops,
          shop, lemuel_mausoleum_altar_kikubaaqudgha
D:13:     kennysheep_ambush_hall, layout_rooms, grunt_vaults_entry_tiered,
          serial_shops, shop, introduction_to_nature_2
D:14:     layout_basic, lemuel_crystal_altar
D:15:     hangedman_depths_entry_try_elsewhere_first, layout_loops_ring,
          nicolae_looking_at_the_future, uniq_josephine, uniq_azrael
Temple:   cyrus_temple_forest
Lair:1:   layout_cave_pods, serial_bayou_shore_a
Lair:2:   layout_regular_city, gammafunk_ghost_necromancy
Lair:3:   lemuel_reptile_caves, layout_regular_city, minmay_shoals_entry_beasts,
          guppyfry_snake_entry_island, wad_woods_road_03, serial_bayou_pond_c,
          minmay_stone_trees_small
Lair:4:   layout_cave_pods, grunt_forest_small_clearings, zaba_anthell
Lair:5:   layout_regular_city, slime_altar_1, minmay_lair_oklob_items,
          grunt_megastairs_1, infiniplex_staircase_pool_2
Lair:6:   evil_forest, layout_gridlike, minmay_shattered_shrine,
          serial_bayou_shore_b, minmay_lair_oklob_chamber, lemuel_fruit_tree
Shoals:1: layout_shoals, serial_shops, shop, nicolae_shoals_so_close
Shoals:2: layout_shoals, serial_shops, shop
Shoals:3: layout_shoals
Shoals:4: shoals_end_simple, layout_shoals, serial_shops, shop
Orc:1:    layout_caves, basic_altar
Orc:2:    kennysheep_orc_mage_school, layout_caves

Skill      XL: |  1  2  3  4  5  6  7  8  9 10 11 12 13 14 15 |
---------------+----------------------------------------------+-----
Spellcasting   | 4 5 6 8 10 12 13 15 16 | 16.4
Conjurations   | 2 3 4 5 7 8 9 10 12 14 15 | 15.7
Armour         | 1 2 3 4 5 |  5.7
Air Magic      | 1 2 4 5 |  5.1
Summonings     | 5 7 |  7.1
Shields        | 3 |  3.1
Fire Magic     | 4 |  4.4
Dodging        | |  1.7
Stealth        | |  1.7
Translocations | |  0.8

Action                   |  1- 3 |  4- 6 |  7- 9 | 10-12 | 13-15 || total
-------------------------+-------+-------+-------+-------+-------++-------
Melee: Unarmed           |     6 |       |       |       |       ||     6
       Dagger            |    35 |    46 |    42 |       |       ||   123
       Headbutt          |       |     3 |    31 |    32 |    34 ||   100
       Rapier            |       |       |   143 |   167 |       ||   310
       Quarterstaff      |       |       |       |    27 |   199 ||   226
Throw: Dart              |       |    17 |    11 |     2 |    16 ||    46
       Javelin           |       |     3 |       |       |       ||     3
       Stone             |       |     1 |     1 |       |       ||     2
 Cast: Magic Dart        |    78 |   177 |   274 |   368 |   264 ||  1161
       Mephitic Cloud    |     3 |     4 |    19 |    35 |   167 ||   228
       Conjure Flame     |       |     3 |    20 |       |     1 ||    24
       Blink             |       |     2 |     7 |    14 |    21 ||    44
       Summon Lightning  |       |       |     3 |    65 |    62 ||   130
       Iskenderun's Batt |       |       |       |    34 |    69 ||   103
       Starburst         |       |       |       |       |    53 ||    53
       Ignite Poison     |       |       |       |       |    22 ||    22
       Olgreb's Toxic Ra |       |       |       |       |     7 ||     7
       Airstrike         |       |       |       |       |   244 ||   244
       Spellforged Servi |       |       |       |       |    23 ||    23
       Fireball          |       |       |       |       |     8 ||     8
Evoke: Wand              |       |       |       |    14 |    12 ||    26
       Phantom mirror    |       |       |       |     1 |       ||     1
  Use: Scroll            |     6 |     8 |    18 |    17 |    19 ||    68
       Potion            |       |     2 |       |     5 |     7 ||    14
 Stab: Sleeping          |     3 |     5 |     6 |     6 |     1 ||    21
       Confused          |     2 |     3 |     9 |     7 |     3 ||    24
       Distracted        |       |       |       |     2 |     1 ||     3
  Eat: Chunk             |     4 |     9 |    20 |    17 |    22 ||    72
       Ration            |       |       |     1 |     3 |    14 ||    18
Armor: Robe              |     4 |     7 |       |       |       ||    11
       Acid dragon scale |       |       |   118 |   278 |    42 ||   438
       Leather armour    |       |       |       |       |   184 ||   184
Dodge: Dodged            |    33 |    47 |   120 |   227 |   315 ||   742

Table legend:
 A = Non-vault XP
 B = Vault XP
 C = Vault XP percentage of total XP
 D = Non-vault monster count
 E = Vault monster count
 F = Vault count percentage of total count
                 A         B        C        D         E       F
            +---------+---------+-------+---------+---------+-------
      Total |   75662 |   44210 |  36.9 |     602 |     217 |  26.5
            +---------+---------+-------+---------+---------+-------
        D:1 |      31 |       0 |   0.0 |      18 |       0 |   0.0
        D:2 |      73 |      17 |  18.9 |      25 |       2 |   7.4
        D:3 |     132 |       0 |   0.0 |      24 |       0 |   0.0
        D:4 |     615 |       0 |   0.0 |      32 |       0 |   0.0
        D:5 |     532 |       0 |   0.0 |      12 |       0 |   0.0
        D:6 |     386 |       0 |   0.0 |      19 |       0 |   0.0
        D:7 |     837 |     898 |  51.8 |      18 |       5 |  21.7
        D:8 |     472 |      55 |  10.4 |      13 |       8 |  38.1
        D:9 |     933 |     206 |  18.1 |      25 |       1 |   3.8
       D:10 |    1400 |    2636 |  65.3 |      12 |       8 |  40.0
       D:11 |    2606 |     463 |  15.1 |      33 |      12 |  26.7
       D:12 |    4931 |    1527 |  23.6 |      38 |      13 |  25.5
       D:13 |    2336 |    9496 |  80.3 |      15 |      48 |  76.2
       D:14 |    5512 |       0 |   0.0 |      14 |       0 |   0.0
       D:15 |    5973 |     662 |  10.0 |      13 |       2 |  13.3
     Lair:1 |    2391 |       0 |   0.0 |      14 |       0 |   0.0
     Lair:2 |    4610 |       0 |   0.0 |      31 |       0 |   0.0
     Lair:3 |    4765 |    3643 |  43.3 |      26 |      36 |  58.1
     Lair:4 |     903 |      70 |   7.2 |       5 |       2 |  28.6
     Lair:5 |    3859 |    2206 |  36.4 |      17 |       4 |  19.0
     Lair:6 |    9493 |   15440 |  61.9 |      49 |      41 |  45.6
   Shoals:1 |    6219 |       0 |   0.0 |      18 |       0 |   0.0
   Shoals:2 |    6353 |       0 |   0.0 |      17 |       0 |   0.0
   Shoals:3 |    1731 |       0 |   0.0 |       6 |       0 |   0.0
   Shoals:4 |    1745 |     366 |  17.3 |       5 |       1 |  16.7
      Orc:1 |    3118 |       0 |   0.0 |      23 |       0 |   0.0
      Orc:2 |    3706 |    6525 |  63.8 |      80 |      34 |  29.8
            +---------+---------+-------+---------+---------+-------
